 Dungeon Crawl Stone Soup version 0.19.5 (webtiles) character file.

2823 epen the Covert (level 9, -6/58 HPs)
             Began as a Vampire Enchanter on July 29, 2017.
             Was the Champion of Jiyva.
             Shot with a bolt by an orc knight (21 damage)
             ... on level 10 of the Dungeon.
             The game lasted 00:29:24 (9239 turns).

epen the Covert (Vampire Enchanter)                 Turns: 9239, Time: 00:29:24

Health: -6/58      AC:  5    Str:  9    XL:     9   Next: 45%
Magic:  1/16       EV: 16    Int: 15    God:    Jiyva [******]
Gold:   300        SH:  0    Dex: 18    Spells: 4 memorised, 6 levels left

rFire  . . .     SeeInvis +     z - +1 dagger (protect)
rCold  . . .     Gourm    .     b - +1 robe
rNeg   + + .     Faith    .     (no shield)
rPois  .         Spirit   .     (helmet restricted)
rElec  .         Reflect  .     (no cloak)
rCorr  +         Harm     .     q - +1 pair of gloves
MR     .....                    (no boots)
Stlth  ++++......               (no amulet)
                                (no ring)
                                d - ring of positive energy

@: no status effects
A: fangs 3, horns 1, see invisible, frail 1, unbreathing, tendrils
a: Bat Form, Request Jelly, Slimify, Cure Bad Mutation, Renounce Religion


You were on level 10 of the Dungeon.
You worshipped Jiyva.
Jiyva was exalted by your worship.
You were not thirsty.

You visited 2 branches of the dungeon, and saw 11 of its levels.

You collected 378 gold pieces.
You spent 78 gold pieces at shops.

Inventory:

Hand Weapons
 a - a +2 dagger
 z - a +1 dagger of protection (weapon)
Armour
 b - a +1 robe (worn)
 q - a +1 pair of gloves (worn)
Jewellery
 d - a ring of positive energy (left hand)
Wands
 f - a wand of confusion (24/48)
 p - a wand of slowing (24/48)
 x - a wand of confusion (20/48)
Scrolls
 e - a scroll of enchant weapon
 g - 3 scrolls of teleportation
 h - 5 scrolls of amnesia
 k - 2 scrolls of enchant armour
 r - a scroll of noise
 s - a scroll of recharging
 w - 2 scrolls of identify
Potions
 i - 4 potions of brilliance
 j - 2 potions of ambrosia
 l - 2 potions of magic
 m - a potion of invisibility
 n - 2 potions of flight {unknown}
 o - a potion of berserk rage
 t - 8 potions of blood
 v - a potion of heal wounds {unknown}
Books
 c - a book of Maledictions

   Spells                             Type                      Level
   a - Corona                         Hexes                        1
   b - Ensorcelled Hibernation        Hexes/Ice                    2
   c - Confuse                        Hexes                        3
   d - Tukima's Dance                 Hexes                        3
   e - Dazzling Spray                 Conjuration/Hexes            3


   Skills:
 + Level 3.8 Fighting
 * Level 7.9 Short Blades
 + Level 5.9 Dodging
 + Level 9.2 Stealth
 + Level 4.7 Spellcasting
 + Level 8.1 Hexes


You had 6 spell levels left.
You knew the following spells:

 Your Spells              Type           Power        Failure   Level  Hunger
a - Dazzling Spray        Conj/Hex       ###...       12%         3    ###....
b - Ensorcelled Hibernat  Hex/Ice        ###...       6%          2    ##.....
c - Confuse               Hex            ####....     1%          3    ###....
d - Tukima's Dance        Hex            ####....     1%          3    ###....


Dungeon Overview and Level Annotations

Branches:
Dungeon (10/15)            Temple (1/1) D:6            Lair (0/6) D:9
    Orc: D:9-12

Altars:
Ashenzari
Cheibriados
Dithmenos
Elyvilon
Fedhas
Gozag
Hepliaklqana
Kikubaaqudgha
Makhleb
Nemelex Xobeh
Okawaru
Qazlal
Ru
Sif Muna
Trog
Uskayaw
Vehumet
Xom
Yredelemnul
Zin
The Shining One
Jiyva

Shops:
D:9 ?

Annotations:
D:5 Azzok's ghost, novice MiFi
D:9 Erolcha


Innate Abilities, Weirdness & Mutations

You have razor-sharp teeth.
You have supernaturally acute eyesight. (SInv)
You can survive without breathing.
You have a pair of small horns on your head.
You are frail. (-10% HP)
You are covered in slimy tendrils that may disarm your opponents.


Message History

Casting: Confuse
Confirm with . or Enter, or press ? or * to list all spells.
Aiming: Confuse
Press: ? - help, Shift-Dir - straight line, f - wyvern
Aim: a wyvern (severely wounded, chance to defeat MR: 57%)
The wyvern resists with significant effort.
The orc knight shouts!
The wyvern bites you.
* * * LOW HITPOINT WARNING * * *
The wyvern barely misses you.
Casting: Confuse
Confirm with . or Enter, or press ? or * to list all spells.
Aiming: Confuse
Press: ? - help, Shift-Dir - straight line, f/p - wyvern
Aim: a wyvern (severely wounded, chance to defeat MR: 57%)
The wyvern appears confused.
The orc knight unwields an uncursed battleaxe.
The orc knight wields an arbalest.
The orc knight shoots a bolt.
The bolt hits you!!
You die...

##### ##...# ########
.....# #......#
8....# #.####.####
+....#####l####....##
8......o.....##.....#
###..#####o#........#
#..# #..........#
#..# #######@..####
#.## #.......# #.
#.#.###.# #.#
#....##.# #..#
#....##.# ...#
#.......# ...
#.##.#..# #.#
#.......# .#
#....#.##


You could see an orc knight and a wyvern (confused).

Vanquished Creatures
  A hill giant (D:10)
  A two-headed ogre (D:8)
  A hippogriff (D:7)
  A hungry ghost (D:8)
  A vampire mosquito (D:10)
  A black bear (D:8)
  An orc warrior (D:8)
  3 sky beasts
  2 ice beasts
  2 ogres (D:4)
  A centaur (D:9)
  A bullfrog (D:10)
  2 scorpions
  4 killer bees
  2 wights (D:8)
  A crimson imp (D:8)
  A jelly (D:10)
  2 hounds
  A centaur zombie (D:10)
  2 orc priests
  2 orc wizards
  An iguana (D:7)
  5 worker ants
  A hound skeleton (D:9)
  4 adders (D:2)
  3 gnolls (D:8)
  A shadow imp (D:5)
  An adder zombie (D:5)
  An adder skeleton (D:6)
  5 worms
  A dart slug (D:1)
  7 leopard geckos
  8 orcs
  7 bats
  3 giant cockroaches (D:2)
  8 goblins
  7 hobgoblins
  7 jackals (D:4)
  5 quokkas
  6 frilled lizards
  A giant cockroach zombie (D:5)
  6 kobolds
  3 quokka skeletons
  2 quokka zombies
  10 rats
136 creatures vanquished.

Vanquished Creatures (collateral kills)
  A wight (D:8)
1 creature vanquished.

Vanquished Creatures (others)
  A dancing weapon (D:8)
  The ghost of epen the Skirmisher, an amateur DrMo (D:4)
  A black bear (D:6)
  An ogre (D:5)
  A centaur (D:6)
  2 scorpions
  2 killer bees (D:9)
  8 wights
  3 crimson imps
  32 jellies
  2 orc priests
  2 orc wizards
  An iguana (D:5)
  A worker ant (D:5)
  A worker ant zombie (D:8)
  4 gnolls
  An adder zombie (D:5)
  2 leopard geckos
  6 orcs
  A giant cockroach (D:4)
  A goblin (D:4)
  A hobgoblin (D:6)
  2 quokkas
  2 ball pythons
  A frilled lizard (D:5)
  4 fungi (D:9)
84 creatures vanquished.

Grand Total: 221 creatures vanquished

Notes
Turn   | Place    | Note
-------+----------+-------------------------------------------
     0 | D:1      | epen the Vampire Enchanter began the quest for the Orb.
     0 | D:1      | Reached XP level 1. HP: 13/13 MP: 3/3
    44 | D:1      | Reached XP level 2. HP: 14/19 MP: 5/5
   404 | D:1      | Learned a level 2 spell: Ensorcelled Hibernation
   444 | D:2      | Reached XP level 3. HP: 18/24 MP: 3/6
  1087 | D:2      | Reached XP level 4. HP: 30/30 MP: 4/7
  1491 | D:2      | Learned a level 3 spell: Confuse
  1738 | D:3      | Found a radiant altar of Vehumet.
  2283 | D:3      | Reached skill level 5 in Stealth
  2283 | D:3      | Reached skill level 5 in Hexes
  2565 | D:3      | Found a faded altar of an unknown god.
  2565 | D:3      | Found a faded altar of an unknown god.
  2578 | D:3      | Reached XP level 5. HP: 33/35 MP: 9/9
  2579 | D:3      | Found a faded altar of an unknown god.
  2581 | D:3      | Found a blossoming altar of Fedhas.
  2582 | D:3      | Found a faded altar of an unknown god.
  2934 | D:3      | Became a worshipper of Cheibriados the Contemplative
  2934 | D:3      | Reached * piety under Cheibriados
  2942 | D:3      | Fell from the grace of Cheibriados
  2942 | D:3      | Became a worshipper of Jiyva Joluzowi the Shapeless
  2942 | D:3      | Reached * piety under Jiyva
  3077 | D:3      | Reached ** piety under Jiyva
  3209 | D:4      | Noticed an ogre
  3213 | D:4      | Killed an ogre
  3225 | D:4      | Found a glowing golden altar of the Shining One.
  3276 | D:4      | Noticed an ogre
  3283 | D:4      | Killed an ogre
  3283 | D:4      | Reached skill level 1 in Fighting
  3283 | D:4      | Reached XP level 6. HP: 43/43 MP: 10/10
  3510 | D:4      | Killed epen's ghost
  3562 | D:4      | Found a sacrificial altar of Ru.
  4178 | D:5      | Entered Level 5 of the Dungeon
  4245 | D:5      | Noticed Azzok's ghost (novice MiFi)
  4298 | D:5      | Reached *** piety under Jiyva
  4440 | D:4      | Gained mutation: You have a pair of small horns on your head. [Jiyva's grace]
  5018 | D:5      | Reached skill level 6 in Stealth
  5353 | D:6      | Noticed an ice beast
  5446 | D:6      | Noticed a sky beast
  5453 | D:6      | Killed a sky beast
  5453 | D:6      | Reached XP level 7. HP: 49/49 MP: 11/11
  5530 | D:6      | Reached **** piety under Jiyva
  5531 | D:6      | Reached skill level 5 in Short Blades
  5579 | D:6      | Gained mutation: Your muscles are strong. (Str +2) [Jiyva's grace]
  5608 | D:6      | Found a bloodstained altar of Trog.
  5833 | D:6      | Found a staircase to the Ecumenical Temple.
  6133 | Temple   | Entered the Ecumenical Temple
  6198 | Temple   | Was forgiven by Cheibriados
  6414 | D:7      | Found a white marble altar of Elyvilon.
  6485 | D:7      | Found a shadowy altar of Dithmenos.
  6485 | D:7      | Found a deep blue altar of Sif Muna.
  6485 | D:7      | Found a snail-covered altar of Cheibriados.
  6530 | D:7      | Learned a level 3 spell: Dazzling Spray
  6670 | D:7      | Reached skill level 7 in Stealth
  6978 | D:7      | Learned a level 3 spell: Tukima's Dance
  7056 | D:8      | Reached XP level 8. HP: 41/57 MP: 3/13
  7214 | D:8      | Noticed a hippogriff
  7234 | D:8      | Gained mutation: You are covered in slimy tendrils that may disarm your opponents. [Jiyva's grace]
  7237 | D:8      | Reached ***** piety under Jiyva
  7252 | D:7      | Killed a hippogriff
  7383 | D:8      | Reached skill level 5 in Dodging
  7418 | D:8      | Lost mutation: Your muscles are strong. (Str +2) [Jiyva's grace]
  7571 | D:8      | Reached skill level 8 in Stealth
  7764 | D:8      | Noticed a two-headed ogre
  7778 | D:8      | Killed a two-headed ogre
  8065 | D:9      | Found a shimmering altar of Xom.
  8102 | D:9      | Found an iron altar of Okawaru.
  8156 | D:9      | Found a staircase to the Lair.
  8157 | D:9      | Noticed Erolcha
  8192 | D:9      | Found a glowing silver altar of Zin.
  8202 | D:9      | Found Mestoipsi's Magic Scroll Emporium.
  8227 | D:9      | Reached XP level 9. HP: 64/64 MP: 12/15
  8429 | D:8      | Gained mutation: You are frail. (-10% HP) [Jiyva's grace]
  8656 | D:9      | Found a hazy altar of Hepliaklqana.
  9037 | D:9      | Bought a scroll of teleportation for 39 gold pieces
  9037 | D:9      | Bought a scroll of teleportation for 39 gold pieces
  9070 | D:10     | Entered Level 10 of the Dungeon
  9098 | D:10     | Noticed a hill giant
  9109 | D:10     | Killed a hill giant
  9109 | D:10     | Reached skill level 9 in Stealth
  9184 | D:10     | Noticed an efreet
  9229 | D:10     | Reached ****** piety under Jiyva
  9232 | D:10     | Noticed an orc knight
  9239 | D:10     | Shot with a bolt by an orc knight

Skill      XL: |  1  2  3  4  5  6  7  8  9 |
---------------+----------------------------+-----
Short Blades   | 2 3 4 5 7 |  7.9
Dodging        | 3 4 5 |  5.9
Stealth        | 5 6 7 8 9 |  9.2
Hexes          | 5 6 7 8 |  8.1
Spellcasting   | 3 4 |  4.7
Fighting       | 1 2 3 |  3.8

Action                   |  1- 3 |  4- 6 |  7- 9 || total
-------------------------+-------+-------+-------++-------
Melee: Dagger            |   105 |   174 |   207 ||   486
       Bite              |     1 |    18 |    23 ||    42
       Headbutt          |       |     3 |    38 ||    41
 Cast: Ensorcelled Hiber |     3 |    11 |     3 ||    17
       Confuse           |       |    22 |    54 ||    76
       Tukima's Dance    |       |       |     3 ||     3
       Dazzling Spray    |       |       |     5 ||     5
Invok: Request Jelly     |       |     1 |       ||     1
 Abil: End Transformatio |       |     1 |     2 ||     3
       Bat Form          |       |     1 |     2 ||     3
  Use: Potion            |     1 |     2 |     1 ||     4
       Scroll            |       |     7 |    10 ||    17
 Stab: Sleeping          |    14 |    23 |    12 ||    49
       Confused          |       |     9 |    21 ||    30
       Distracted        |       |     2 |       ||     2
Armor: Robe              |    12 |    11 |    33 ||    56
       Skin              |    20 |       |       ||    20
Dodge: Dodged            |    52 |    99 |   138 ||   289
